 Dungeon Crawl Stone Soup version 0.27.1-1-g398f81649c (webtiles) character file.

Game seed: 10413677196570791726

163 Tsarbomb the Chopper (level 5, -2/45 HPs)
             Began as a Hill Orc Monk on Sept 12, 2021.
             Was a Believer of Beogh.
             Slain by a wight (9 damage)
             ... on level 7 of the Dungeon.
             The game lasted 00:09:30 (3637 turns).

Tsarbomb the Chopper (Hill Orc Monk)                Turns: 3637, Time: 00:09:30

Health: -2/45      AC:  8    Str: 15    XL:     5   Next: 44%
Magic:  6/6        EV: 10    Int: 10    God:    Beogh [**....]
Gold:   142        SH:  0    Dex: 13    Spells: 4/4 levels left

rFire    . . .     SeeInvis .   c - +0 war axe (drain)
rCold    . . .     Faith    .   (no shield)
rNeg     . . .     Spirit   .   r - +0 scale mail
rPois    .         Reflect  .   (no helmet)
rElec    .         Harm     .   o - +0 cloak
rCorr    .         Rampage  .   (no gloves)
Will     .....                  k - +0 pair of boots
Stlth    ..........             (no amulet)
HPRegen  0.15/turn              (no ring)
MPRegen  0.10/turn              (no ring)

@: silenced
A: no striking features
a: Renounce Religion


You were on level 7 of the Dungeon.
You worshipped Beogh.
Beogh was pleased with you.
You visited 1 branch of the dungeon, and saw 7 of its levels.

You collected 142 gold pieces.

Inventory:

Hand Weapons
 a - a +0 hand axe
 c - a +0 war axe of draining (weapon)
 f - a +2 spear of flaming
Armour
 b - a +0 robe
 k - a +0 pair of boots (worn)
 l - a +0 leather armour
 o - a +0 cloak (worn)
 r - a +0 scale mail (worn)
Wands
 j - a wand of mindburst (10)
Scrolls
 m - a scroll of amnesia {unknown}
 p - a scroll of summoning {unknown}
 q - a scroll of teleportation {unknown}
 s - a scroll of vulnerability {unknown}
Potions
 g - 2 potions of curing {unknown}
 h - 2 potions of heal wounds {unknown}
 i - a potion of invisibility {unknown}
 n - a potion of haste {unknown}
 t - a potion of flight {unknown}


   Skills:
 - Level 3.6 Fighting
 * Level 7.7 Axes
 - Level 2.4 Dodging
 - Level 1.5 Stealth
 * Level 1.3 Invocations


You had 4 spell levels left.
You didn't know any spells.
Your spell library was empty.

Dungeon Overview and Level Annotations

Branches:
Dungeon (7/15)
 Temple: D:4-7

Altars:
Zin

Annotations:
D:3 exclusion: 2 downstairs
D:7 Pikel


Message History

The killer bee zombie hits you but does no damage.
As you read the scroll labelled KOEKUA ASCHIA, it crumbles to dust.
It is a scroll of brand weapon.
Your +0 war axe craves living souls!
c - a +0 war axe of draining (weapon)
Pikel shouts!
The lemure shouts!
The killer bee zombie hits you.
The shadow imp sputters.
The killer bee zombie hits you. The killer bee zombie hits you.
Pikel zaps a wand.
The puff of flame hits you! The shadow imp hits you.
The killer bee zombie hits you.
The killer bee zombie hits you but does no damage.
The lemure completely misses you.
Pikel zaps a wand.
The puff of flame hits you.
The killer bee zombie hits you but does no damage.
The killer bee zombie barely misses you.
Pikel hits you with a +1 whip of flaming.
Pikel burns you. The killer bee zombie hits you.
* * * LOW HITPOINT WARNING * * *
As you read the scroll labelled RECRURU YSHRAE, it crumbles to dust.
A profound silence engulfs you.
It was a scroll of silence.
A water moccasin comes into view.
Found 20 stones.
The lemure hits you but does no damage.
Found a stone staircase leading down.
The water moccasin bites you but does no damage.
You miss the water moccasin. You barely miss the lemure.
The water moccasin bites you.
* * * LOW HITPOINT WARNING * * *
The water moccasin bites you.
* * * LOW HITPOINT WARNING * * *
The lemure hits you but does no damage.
Magic scrolls do not work when you're silenced!
Unknown command.
A wight comes into view. It is wielding a +0 trident.
The water moccasin closely misses you.
A wight comes into view. It is wielding a +0 dire flail.
The wight hits you with a +0 trident!
You die...

###.. ...(. ......
## ...... .# #
......######.###..z
............z......
.....>..5.S@.......
....##5###..######
. #.# #.....
##5###.#####
+.5....# ##.#####
#5##.# ####h...####
#......5Z...(#


You could see a water moccasin, 2 lemures and 2 wights.

Vanquished Creatures
  An orc priest (D:3)
  An iguana (D:3)
  An orc wizard (D:3)
  Robin (D:4)
  A worm (D:2)
  2 dart slugs
  6 orcs
  4 endoplasms
  3 giant cockroaches
  9 goblins
  10 hobgoblins
  A quokka (D:1)
  5 ball pythons
  4 bats
  3 frilled lizards
  5 rats
57 creatures vanquished.

Vanquished Creatures (others)
  A plant (D:2)
  5 toadstools (D:1)
6 creatures vanquished.

Grand Total: 63 creatures vanquished

Notes
Turn   | Place    | Note
-------+----------+-------------------------------------------
     0 | D:1      | Tsarbomb the Hill Orc Monk began the quest for the Orb.
     0 | D:1      | Reached XP level 1. HP: 19/19 MP: 1/1
   264 | D:1      | Found a faded altar of an unknown god.
   397 | D:1      | Reached XP level 2. HP: 20/26 MP: 2/2
   620 | D:1      | Reached skill level 5 in Axes
  1102 | D:2      | Reached XP level 3. HP: 31/31 MP: 3/3
  1736 | D:4      | Noticed an ogre
  1738 | D:4      | Reached skill level 6 in Axes
  1776 | D:3      | HP: 1/31 [orc (8)]
  2101 | D:3      | Reached XP level 4. HP: 12/39 MP: 4/4
  2101 | D:3      | Became a worshipper of Beogh the Brigand
  2101 | D:3      | Reached * piety under Beogh
  2101 | D:3      | Reached ** piety under Beogh
  2325 | D:3      | Found a glowing silver altar of Zin.
  2439 | D:3      | Reached skill level 7 in Axes
  2902 | D:3      | Reached skill level 1 in Invocations
  2902 | D:3      | Reached XP level 5. HP: 13/45 MP: 2/5
  3211 | D:4      | Noticed Robin
  3397 | D:4      | Killed Robin
  3532 | D:5      | Entered Level 5 of the Dungeon
  3539 | D:4      | Noticed a black bear
  3579 | D:4      | Noticed an ogre
  3580 | D:4      | You fall into a shaft and drop 3 floors!
  3587 | D:6      | Noticed a black bear
  3613 | D:7      | Noticed a lemure
  3613 | D:7      | Noticed a lemure
  3613 | D:7      | Noticed a lemure
  3614 | D:7      | Noticed a lemure
  3614 | D:7      | Noticed Pikel
  3631 | D:7      | Noticed a water moccasin
  3637 | D:7      | Slain by a wight

Illustrated notes

Levels and vault maps discovered:
D:1:      ldierk_walled_garden, layout_loops_ring,
          shapermc_ecumenical_altar_starsandcircs
D:2:      layout_rooms, small_statue_intersection, serial_bayou_lagoon_b
D:3:      layout_basic, zin_academy, kennysheep_crisscross, grunt_ministairs_8,
          minmay_misc_feat_rows
D:4:      layout_cave_pools, minmay_shop_damaged, hex_large,
          hangedman_decor_growths, minmay_crystal_room, uniq_robin, uniq_ijyb,
          uniq_sigmund
D:5:      layout_gridville, minmay_temple_entry_slanted,
          minmay_stone_trees_medium
D:6:      layout_loops_cross
D:7:      layout_basic, uniq_pikel

Skill      XL: |  1  2  3  4 |
---------------+-------------+-----
Axes           | 5 6 7 |  7.7
Invocations    | 1 |  1.3
Fighting       | |  3.6
Dodging        | |  2.4
Stealth        | |  1.5

Action                   |  1- 3 |  4- 6 || total
-------------------------+-------+-------++-------
Melee: Hand axe          |    35 |       ||    35
       Spear             |    68 |       ||    68
       War axe           |     9 |    61 ||    70
Throw: Throwing net      |     1 |       ||     1
Invok: Smiting           |       |     1 ||     1
       Convert to Beogh  |       |     1 ||     1
  Use: Scroll            |       |     2 ||     2
 Stab: Sleeping          |     6 |       ||     6
       Held in net/web   |     1 |       ||     1
Armor: Robe              |     4 |       ||     4
       Scale mail        |     7 |    63 ||    70
       Leather armour    |     1 |       ||     1
Dodge: Dodged            |    58 |    73 ||   131
